PCL
DISTRICT 9 PRAWNS @ ALBUQUERQUE ISOTOPES
04/26/2026
 
TOP OF THE 1ST
District 9 Prawns batting - Pitching for Albuquerque Isotopes : RHP César De La Cruz
Pitching: RHP César De La Cruz
Batting: RHB Félix Sánchez 0-0: Ball
1-0: Fly out, F8 (Flyball, 8RD)
Batting: RHB Rafael González 0-0: Ball
1-0: Ground out 6-3 (Groundball, 56)
Batting: LHB Leonard Harvey 0-0: Called Strike
0-1: Foul Ball, location: 2F
0-2: Ball
1-2: Ground out 4-3 (Groundball, 4M)
Top of the 1st over - 0 run(s), 0 hit(s), 0 error(s), 0 left on base; District 9 0 - Albuquerque 0
BOTTOM OF THE 1ST
Albuquerque Isotopes batting - Pitching for District 9 Prawns : RHP António Benítez
Pitching: RHP António Benítez
Batting: RHB Alfonso Huertas 0-0: Reached on error, E5 (Groundball, 5S)
Batting: RHB Juan Vareas 0-0: Ball
1-0: Foul Ball, location: 2F
1-1: SINGLE (Groundball, 3D)
Alfonso Huertas to second
Runner from 2nd tries for 3rd, SAFE, no throw or cutoff
Batting: SHB Lee Townsend 0-0: Foul Ball, location: 2F
0-1: DOUBLE (Flyball, 8RXD)
Alfonso Huertas scores
Juan Vareas to third
Batting: LHB Mark Vestal 0-0: Ball
1-0: Ball
2-0: Ball
3-0: Called Strike
3-1: Foul Ball, location: 2F
3-2: Fly out, F8 (Flyball, 78D)
Runner from 3rd tags up, SCORES, no throw
Batting: LHB Bernardo Montés 0-0: Called Strike
0-1: Ground out 1-3 (Groundball, 13)
Lee Townsend to third
Batting: RHB Arturo García 0-0: Ball
1-0: Ball
2-0: Ball
3-0: Called Strike
3-1: Foul Ball, location: 2F
3-2: Strikes out swinging
Bottom of the 1st over - 2 run(s), 2 hit(s), 1 error(s), 1 left on base; District 9 0 - Albuquerque 2
TOP OF THE 2ND
District 9 Prawns batting - Pitching for Albuquerque Isotopes : RHP César De La Cruz
Batting: SHB Mark Pope 0-0: Ball
1-0: DOUBLE (Line Drive, 9LM)
Batting: RHB Lateef Makini 0-0: Ground out 1-3 (Groundball, 25)
Batting: RHB Brian Jackson 0-0: Foul Ball, location: 2F
0-1: Ball
1-1: Foul Ball, location: 2F
1-2: Foul Ball, location: 2F
1-2: Ball
2-2: Foul Ball, location: 2F
2-2: Fly out, F7 (Flyball, 78M)
2-2: Lined into DP, 7-4 (Flyball, 78M)
Top of the 2nd over - 0 run(s), 1 hit(s), 0 error(s), 0 left on base; District 9 0 - Albuquerque 2
BOTTOM OF THE 2ND
Albuquerque Isotopes batting - Pitching for District 9 Prawns : RHP António Benítez
Batting: RHB Juan Alberto 0-0: Foul Ball, location: 2F
0-1: Ball
1-1: Swinging Strike
1-2: Ball
2-2: Strikes out swinging
Batting: RHB Luis Martínez 0-0: Swinging Strike
0-1: Fly out, F8 (Flyball, 8RXD)
Batting: LHB António De Los Ángeles 0-0: Called Strike
0-1: Swinging Strike
0-2: Ball
1-2: Fly out, F8 (Flyball, 8LS)
Bottom of the 2nd over - 0 run(s), 0 hit(s), 0 error(s), 0 left on base; District 9 0 - Albuquerque 2
TOP OF THE 3RD
District 9 Prawns batting - Pitching for Albuquerque Isotopes : RHP César De La Cruz
Batting: SHB Tommy Bourassa 0-0: SOLO HOME RUN (Flyball, 8RXD), Distance : 426 ft
Batting: RHB Lúcio García 0-0: Ball
1-0: Foul Ball, location: 2F
1-1: Ball
2-1: Swinging Strike
2-2: Foul Ball, location: 2F
2-2: Strikes out swinging
Batting: RHB Tony Guzmán 0-0: Called Strike
0-1: Ground out U3 (Groundball, 3)
Batting: RHB Félix Sánchez 0-0: Ball
1-0: Ball
2-0: Ball
3-0: Called Strike
3-1: Ground out 6-3 (Groundball, 6M)
Top of the 3rd over - 1 run(s), 1 hit(s), 0 error(s), 0 left on base; District 9 1 - Albuquerque 2
BOTTOM OF THE 3RD
Albuquerque Isotopes batting - Pitching for District 9 Prawns : RHP António Benítez
Batting: RHB Alfonso Huertas 0-0: Called Strike
0-1: Ground out 5-3 (Groundball, 56)
Batting: RHB Juan Vareas 0-0: Ball
1-0: Ball
2-0: Fly out, F9 (Flyball, 89S)
Batting: SHB Lee Townsend 0-0: Called Strike
0-1: Foul Ball, location: 2F
0-2: Ball
1-2: Ball
2-2: Foul Ball, location: 2F
2-2: Reached on error, E4 (Groundball, 34)
Batting: LHB Mark Vestal 0-0: Swinging Strike
0-1: Ball
1-1: Foul Ball, location: 2F
1-2: Ground out 5-3 (Groundball, 5S)
Bottom of the 3rd over - 0 run(s), 0 hit(s), 1 error(s), 1 left on base; District 9 1 - Albuquerque 2
TOP OF THE 4TH
District 9 Prawns batting - Pitching for Albuquerque Isotopes : RHP César De La Cruz
Batting: RHB Rafael González 0-0: Ground out 5-3 (Groundball, 5L)
Batting: LHB Leonard Harvey 0-0: SOLO HOME RUN (Flyball, 9LD), Distance : 388 ft
Batting: SHB Mark Pope 0-0: Foul Ball, location: 2F
0-1: Foul Ball, location: 2F
0-2: Ground out 4-3 (Groundball, 4)
Batting: RHB Lateef Makini 0-0: Ball
1-0: Foul Ball, location: 2F
1-1: Ball
2-1: SINGLE (Groundball, 4M)
Batting: RHB Brian Jackson 0-0: Called Strike
0-1: Ball
1-1: Foul Ball, location: 2F
1-2: Foul Ball, location: 2F
1-2: Strikes out swinging
Top of the 4th over - 1 run(s), 2 hit(s), 0 error(s), 1 left on base; District 9 2 - Albuquerque 2
BOTTOM OF THE 4TH
Albuquerque Isotopes batting - Pitching for District 9 Prawns : RHP António Benítez
Batting: LHB Bernardo Montés 0-0: Ball
1-0: Foul Ball, location: 2F
1-1: Ball
2-1: Foul Ball, location: 2F
2-2: Ball
3-2: Strikes out swinging
Batting: RHB Arturo García 0-0: Foul Ball, location: 2F
0-1: Ball
1-1: Foul Ball, location: 2F
1-2: Ball
2-2: Foul Ball, location: 2F
2-2: Ball
3-2: Foul Ball, location: 2F
3-2: Reached on error, E5 (Groundball, 56)
Batting: RHB Juan Alberto 0-0: Foul Ball, location: 2F
0-1: Called Strike
0-2: Foul Ball, location: 2F
0-2: Ball
1-2: Ball
2-2: Ball
3-2: Foul Ball, location: 2F
3-2: Fly out, F3 (Popup, 34D)
Batting: RHB Luis Martínez 0-0: Foul Ball, location: 2F
0-1: Ball
1-1: Ball
2-1: Ball
3-1: Ground out 4-3 (Groundball, 4M)
Bottom of the 4th over - 0 run(s), 0 hit(s), 1 error(s), 1 left on base; District 9 2 - Albuquerque 2
TOP OF THE 5TH
District 9 Prawns batting - Pitching for Albuquerque Isotopes : RHP César De La Cruz
Batting: SHB Tommy Bourassa 0-0: Swinging Strike
0-1: Called Strike
0-2: SINGLE (Groundball, 34D)
Batting: RHB Lúcio García 0-0: Ball
1-0: Fly out, F4 (Popup, 4D)
Batting: RHB Tony Guzmán 0-0: Called Strike
0-1: Fly out, F9 (Flyball, 9M)
Batting: RHB Félix Sánchez 0-0: Ball
Wild Pitch!
Tommy Bourassa to second
1-0: Called Strike
1-1: Ball
2-1: Foul Ball, location: 2F
2-2: DOUBLE (Flyball, 89XD)
Tommy Bourassa scores
Batting: RHB Rafael González 0-0: Ball
Wild Pitch!
Félix Sánchez to third
1-0: Called Strike
1-1: Ball
2-1: Ground out 5-3 (Groundball, 5S)
Top of the 5th over - 1 run(s), 2 hit(s), 0 error(s), 1 left on base; District 9 3 - Albuquerque 2
BOTTOM OF THE 5TH
Albuquerque Isotopes batting - Pitching for District 9 Prawns : RHP António Benítez
Batting: LHB António De Los Ángeles 0-0: Foul Ball, location: 2F
0-1: Foul Ball, location: 2F
0-2: DOUBLE (Flyball, 89M)
Pitching: RHP Emílio Cordero
Batting: RHB Alfonso Huertas 0-0: Called Strike
0-1: Swinging Strike
0-2: Ball
1-2: Ball
2-2: Foul Ball, location: 2F
2-2: Ground out 4-3 (Groundball, 4)
António De Los Ángeles to third
Batting: RHB Juan Vareas 0-0: Ball
1-0: Ball
2-0: Foul Ball, location: 2F
2-1: Fly out, F8 (Flyball, 8RD)
Runner from 3rd tags up, SCORES, no throw
Batting: SHB Lee Townsend 0-0: Foul Ball, location: 2F
0-1: Called Strike
0-2: Ball
1-2: Foul Ball, location: 2F
1-2: Fly out, F9 (Line Drive, 9M)
Bottom of the 5th over - 1 run(s), 1 hit(s), 0 error(s), 0 left on base; District 9 3 - Albuquerque 3
TOP OF THE 6TH
District 9 Prawns batting - Pitching for Albuquerque Isotopes : RHP César De La Cruz
Batting: LHB Leonard Harvey 0-0: Ground out 4-3 (Groundball, 34)
Batting: SHB Mark Pope 0-0: Ball
1-0: Ball
2-0: Called Strike
2-1: Swinging Strike
2-2: Foul Ball, location: 2F
2-2: Ball
3-2: Base on Balls
Batting: RHB Lateef Makini 0-0: Ball
1-0: Swinging Strike
1-1: Foul Ball, location: 2F
1-2: Strikes out swinging
Batting: RHB Brian Jackson 0-0: Ball
1-0: Ball
2-0: Foul Ball, location: 2F
2-1: Ground out 4-3 (Groundball, 4)
Top of the 6th over - 0 run(s), 0 hit(s), 0 error(s), 1 left on base; District 9 3 - Albuquerque 3
BOTTOM OF THE 6TH
Albuquerque Isotopes batting - Pitching for District 9 Prawns : RHP Emílio Cordero
Batting: LHB Mark Vestal 0-0: Ball
1-0: Ball
2-0: Ball
3-0: Base on Balls
Batting: LHB Bernardo Montés 0-0: Called Strike
0-1: Ball
1-1: Foul Ball, location: 2F
1-2: Foul Ball, location: 2F
1-2: Foul Ball, location: 2F
1-2: Ball
2-2: Ball
3-2: Base on Balls
Mark Vestal to second
Batting: RHB Arturo García 0-0: Ball
1-0: Called Strike
1-1: Ball
2-1: DOUBLE (Groundball, 5L)
Mark Vestal scores
Bernardo Montés to third
Batting: RHB Juan Alberto 0-0: Called Strike
0-1: Called Strike
0-2: Foul Ball, location: 2F
0-2: Ball
1-2: Strikes out swinging
Batting: RHB Luis Martínez 0-0: Ball
1-0: Foul Ball, location: 2F
1-1: Ball
2-1: Ball
3-1: DOUBLE (Line Drive, 7LM)
Bernardo Montés scores
Arturo García scores
Pitching: RHP Eduardo Delgado
Batting: LHB António De Los Ángeles 0-0: Ball
1-0: Ball
2-0: Foul Ball, location: 2F
2-1: Fly out, F7 (Flyball, 7M)
Batting: RHB Alfonso Huertas 0-0: Ball
1-0: Ball
2-0: Ball
3-0: Base on Balls
Batting: RHB Juan Vareas 0-0: Ball
1-0: Ball
2-0: Ground out 6-3 (Groundball, 6)
Bottom of the 6th over - 3 run(s), 2 hit(s), 0 error(s), 2 left on base; District 9 3 - Albuquerque 6
TOP OF THE 7TH
District 9 Prawns batting - Pitching for Albuquerque Isotopes : RHP César De La Cruz
Batting: SHB Tommy Bourassa 0-0: Ball
1-0: Ground out U3 (Groundball, 3L)
Batting: RHB Lúcio García 0-0: Called Strike
0-1: Fly out, F7 (Flyball, 7D)
Batting: RHB Tony Guzmán 0-0: Ball
1-0: Foul Ball, location: 2F
1-1: Foul Ball, location: 2F
1-2: Foul Ball, location: 2F
1-2: SINGLE (Groundball, 4D)
Batting: RHB Félix Sánchez 0-0: Ball
1-0: Called Strike
1-1: Ball
2-1: Ball
3-1: Base on Balls
Tony Guzmán to second
Batting: RHB Rafael González 0-0: SINGLE (Line Drive, 4)
Tony Guzmán to third
Félix Sánchez to second
Pinch Hitting: LHB Leonard Young 0-0: Called Strike
0-1: Fielders Choice at 2nd, U4 (Groundball, 4M)
Top of the 7th over - 0 run(s), 2 hit(s), 0 error(s), 3 left on base; District 9 3 - Albuquerque 6
BOTTOM OF THE 7TH
Albuquerque Isotopes batting - Pitching for District 9 Prawns : RHP Eduardo Delgado
Now in CF: George Flanagan
Batting: SHB Lee Townsend 0-0: Called Strike
0-1: Ball
1-1: Ball
2-1: Ball
3-1: Ground out 4-3 (Groundball, 4)
Batting: LHB Mark Vestal 0-0: Foul Ball, location: 2F
0-1: Swinging Strike
0-2: Ground out 5-3 (Groundball, 5)
Batting: LHB Bernardo Montés 0-0: Fly out, F9 (Line Drive, 9D)
Bottom of the 7th over - 0 run(s), 0 hit(s), 0 error(s), 0 left on base; District 9 3 - Albuquerque 6
TOP OF THE 8TH
District 9 Prawns batting - Pitching for Albuquerque Isotopes : RHP César De La Cruz
Batting: SHB Mark Pope 0-0: Ball
1-0: Ball
2-0: Ball
3-0: Base on Balls
Batting: RHB Lateef Makini 0-0: Grounds into double play, 4-6-3 (Groundball, 4)
Batting: RHB Brian Jackson 0-0: Ground out 5-3 (Groundball, 5L)
Top of the 8th over - 0 run(s), 0 hit(s), 0 error(s), 0 left on base; District 9 3 - Albuquerque 6
BOTTOM OF THE 8TH
Albuquerque Isotopes batting - Pitching for District 9 Prawns : RHP Eduardo Delgado
Batting: RHB Arturo García 0-0: Ball
1-0: Swinging Strike
1-1: TRIPLE (Line Drive, 3L)
Batting: RHB Juan Alberto 0-0: Intentional Walk
Batting: RHB Luis Martínez 0-0: Called Strike
0-1: Ground out 4-3 (Groundball, 13)
Juan Alberto to second
Pitching: RHP Bill McKinney
Batting: LHB António De Los Ángeles 0-0: Ball
1-0: Ball
2-0: Called Strike
2-1: Fly out, F9 (Line Drive, 9M)
Runner from 3rd tags up, SCORES, no throw
Batting: RHB Alfonso Huertas 0-0: Ball
1-0: Called Strike
1-1: Ball
2-1: Ball
3-1: Fly out, F7 (Flyball, 7M)
Bottom of the 8th over - 1 run(s), 1 hit(s), 0 error(s), 1 left on base; District 9 3 - Albuquerque 7
TOP OF THE 9TH
District 9 Prawns batting - Pitching for Albuquerque Isotopes : RHP César De La Cruz
Pitching: RHP Juan Rodríguez
Batting: SHB Tommy Bourassa 0-0: SINGLE (Groundball, 3L)
Batting: RHB Lúcio García 0-0: Ball
1-0: Called Strike
1-1: Ball
2-1: Ball
3-1: Base on Balls
Tommy Bourassa to second
Pitching: RHP Manny Muñóz
Batting: RHB Tony Guzmán 0-0: SINGLE (Flyball, 9LS)
Tommy Bourassa to third
Lúcio García to second
Batting: RHB Félix Sánchez 0-0: Foul Ball, location: 2F
0-1: Ball
1-1: Swinging Strike
1-2: Strikes out swinging
Pinch Hitting: RHB Mal Snyder 0-0: Called Strike
0-1: Ball
1-1: SINGLE (Groundball, 34)
Tommy Bourassa scores
Lúcio García to third
Tony Guzmán to second
Runner from 3rd tries for Home, SAFE, no throw or cutoff
Pinch Runner at 2nd Eddie Shirley:
Pinch Hitting: RHB Edgardo Carrasco 0-0: Called Strike
0-1: Foul Ball, location: 2F
0-2: Fielders Choice at 2nd, 5-4 (Groundball, 56)
Eddie Shirley to third
Batting: SHB Mark Pope 0-0: Ball
1-0: Swinging Strike
1-1: SINGLE (Line Drive, 89M)
Eddie Shirley scores
Edgardo Carrasco to second
Pinch Runner at 2nd Jesús Cruz:
Batting: RHB Lateef Makini 0-0: Ball
1-0: Ball
2-0: Called Strike
2-1: Swinging Strike
2-2: Strikes out swinging
Top of the 9th over - 3 run(s), 4 hit(s), 0 error(s), 2 left on base; District 9 6 - Albuquerque 7
Monday, December 5th, 2016 - OOTP Baseball 17.12 Build 75